 Dungeon Crawl Stone Soup version 0.30-a0-1075-gcd70e7a56d (webtiles) character file.

Game seed: 7817210821131545637

2376 Maxmaps the Fighter (level 9, 0/85 HPs)
             Began as a Demonspawn Monk on Apr 14, 2023.
             Slain by a gnoll
             ... wielding a +0 spear
              (2 damage)
             ... in a bailey.
             The game lasted 00:11:27 (6508 turns).

Maxmaps the Fighter (Demonspawn Monk)               Turns: 6508, Time: 00:11:28

Health: 0/85       AC: 14    Str: 12    XL:     9   Next: 21%
Magic:  9/9        EV: 13    Int: 16    God:
Gold:   331        SH:  4    Dex: 15    Spells: 8/8 levels left

rFire   . . .      SeeInvis .    q - +2 dagger of Kenesas {pain, rElec rN+ Will++}
rCold   + . .      Faith    .    c - orb {light}
rNeg    + . .      Spirit   .    z - +0 plate armour
rPois   .          Reflect  .    (helmet restricted)
rElec   +          Rampage  .    d - +0 cloak
rCorr   .                        (no gloves)
Will    +....                    t - +0 pair of boots Stlth
                                 e - amulet of the acrobat
HPRegen 0.34/turn                g - +5 ring of evasion
MPRegen 0.11/turn                x - ring of protection from cold

@: weak-willed, hasted, glowing, studying Fighting, repel missiles, very quick
A: antennae 1, repulsion field 3, spiny 1, condensation shield
a: no special abilities


You were in a bailey.
You visited 1 branch of the dungeon, and saw 7 of its levels.
You also visited: Bailey.

You collected 331 gold pieces.

Inventory:

Hand Weapons
 j - a +2 dagger of speed
 q - the +2 dagger of Kenesas (weapon) {pain, rElec rN+ Will++}
   (You found it on level 2 of the Dungeon)

   rElec:     It insulates you from electricity.
   rN:        It protects you from negative energy.
   Will:      It greatly increases your willpower.
Missiles
 C - 8 throwing nets (quivered)
Armour
 c - an orb of light (worn)
 d - a +0 cloak (worn)
 t - a +0 pair of boots (worn)
 z - a +0 plate armour (worn)
Jewellery
 e - an amulet of the acrobat (around neck)
 g - a +5 ring of evasion (left hand)
 x - a ring of protection from cold (right hand)
Scrolls
 a - a scroll of brand weapon {unknown}
 f - 4 scrolls of fog
 k - a scroll of noise {unknown}
 l - 2 scrolls of vulnerability
 m - a scroll of blinking {unknown}
 n - 4 scrolls of identify
 p - a scroll of enchant weapon {unknown}
 u - a scroll of amnesia {unknown}
 y - 2 scrolls of fear {unknown}
Potions
 h - 2 potions of flight
 i - a potion of magic {unknown}
 o - 2 potions of haste
 r - a potion of mutation {unknown}
 s - a potion of resistance {unknown}
 A - a potion of berserk rage {unknown}
 B - a potion of cancellation {unknown}


   Skills:
 + Level 13.0 Fighting
 - Level 5.1 Armour
 - Level 3.2 Dodging
 - Level 1.7 Stealth
 - Level 3.1 Unarmed Combat


You had 8 spell levels left.
You didn't know any spells.
Your spell library contained the following spells:

 Spells                   Type           Power      Damage    Failure   Level
 Necrotise                Necr           0%         1d4       100%        1
 Dazzling Flash           Conj/Hex       0%         N/A       100%        3
 Inner Flame              Hex/Fire       0%         N/A       100%        3
 Vampiric Draining        Necr           0%         2d6       100%        3
 Volatile Blastmotes      Fire/Tloc      0%         2d10      100%        3
 Flame Wave               Conj/Fire      0%         2d4       100%        4
 Iskenderun's Mystic Bla  Conj/Tloc      0%         2d3       100%        4
 Sticky Flame             Conj/Fire      0%         2d3       100%        4
 Agony                    Necr           0%         N/A       100%        5
 Starburst                Conj/Fire      0%         6d3       100%        6


Dungeon Overview and Level Annotations

Branches:
Dungeon (7/15)             Bailey (1/1)
 Temple: D:4-7

Altars:
Hepliaklqana

Shops:
D:6 !


Innate Abilities, Weirdness & Mutations

You have a pair of small antennae on your head.
You are surrounded by a strong repulsion field. (EV +4, RMsl)
You are partially covered in sharp spines.
A meltable shield of frost defends you. (SH +4)


Message History

The gnoll is struck by your spines. The gnoll closely misses you.
You hit the gnoll.
The gnoll is severely wounded.
You hit the gnoll but do no damage.
The gnoll is severely wounded.
Your attacks no longer feel as feeble.
You block the gnoll's attack.
You hit the gnoll but do no damage.
The gnoll is severely wounded.
The gnoll hits you but does no damage. The gnoll closely misses you.
You completely miss the gnoll.
The gnoll is severely wounded.
You hit the gnoll.
You kill the gnoll!
The gnoll completely misses you. The gnoll is struck by your spines.
The gnoll completely misses you.
You hit the gnoll but do no damage.
The gnoll is lightly wounded.
The gnoll sergeant shouts!
You hit the gnoll but do no damage.
The gnoll is lightly wounded.
You hear a shout!
You hear a howl!
You hear a shout!
The gnoll hits you with a +0 halberd.
* * * LOW HITPOINT WARNING * * *
You hear a shout!
You hit the gnoll but do no damage.
The gnoll is lightly wounded.
The gnoll hits you but does no damage.
You hit the gnoll but do no damage.
The gnoll is lightly wounded.
The gnoll sergeant barely misses you. You block the gnoll's attack.
The gnoll hits you with a +0 halberd.
* * * LOW HITPOINT WARNING * * *
The gnoll sergeant is struck by your spines.
The gnoll sergeant closely misses you.
You hit the gnoll.
The gnoll is moderately wounded.
The gnoll misses you.
The gnoll hits you from afar with a +0 spear.
You die...

##.).## ##.....##
#.......# ..#
###+#...8...# ..#
#(..#.......#ggh#
#..)##.....##g..#
#(...##.h.##....#
#8....##g##hg..8#
#..g@g#.g(#.....#
##....g..)'.g..#
##...#...#...##
#####...#####
....... .........
≈≈≈≈≈≈≈≈≈≈
♣♣♣♣♣♣♣♣♣♣♣


You could see a gnoll sergeant and 2 gnolls.

Vanquished Creatures
  A water moccasin (D:6)
  A black bear (D:4)
  3 ice beasts
  2 ogres
  3 bullfrogs (D:6)
  3 gnoll sergeants
  5 scorpions
  8 hounds
  3 jellies
  3 iguanas
  A sleepcap (D:6)
  Natasha (twice) (D:2)
  4 orc wizards
  22 gnolls
  13 adders
  A white imp (D:6)
  An ufetubus (D:5)
  An adder skeleton (D:2)
  A worm (D:4)
  A dart slug (D:1)
  17 orcs
  3 ball pythons
  10 endoplasms
  6 giant cockroaches
  21 goblins
  12 hobgoblins
  5 jackals
  6 quokkas
  A ball python skeleton (D:2)
  4 bats
  2 frilled lizards
  A jackal zombie (D:2)
  8 kobolds
  A quokka skeleton (D:2)
  6 rats
  A spectral giant cockroach (D:2)
183 creatures vanquished.

Vanquished Creatures (others)
  9 withered plants (D:2)
9 creatures vanquished.

Grand Total: 192 creatures vanquished

Notes
Turn   | Place    | Note
-------+----------+-------------------------------------------
     0 | D:1      | Maxmaps the Demonspawn Monk began the quest for the Orb.
     0 | D:1      | Reached XP level 1. HP: 18/18 MP: 1/1
   232 | D:1      | Gained mutation: You are surrounded by a mild repulsion
                  | field. (EV +2) [demonic ancestry]
   232 | D:1      | Reached XP level 2. HP: 24/24 MP: 2/2
   691 | D:2      | Reached skill level 1 in Armour
   691 | D:2      | Reached XP level 3. HP: 29/29 MP: 3/3
   815 | D:2      | Gained mutation: You are surrounded by a moderate repulsion
                  | field. (EV +3) [demonic ancestry]
   815 | D:2      | Reached XP level 4. HP: 18/35 MP: 4/4
  1250 | D:2      | Noticed Natasha
  1279 | D:2      | Killed Natasha
  1401 | D:2      | Identified the +2 dagger of Kenesas {pain, rElec rN+
                  | Will++}
  1771 | D:2      | Noticed Natasha
  1786 | D:2      | Killed Natasha
  1787 | D:2      | Reached XP level 5. HP: 18/41 MP: 5/5
  2245 | D:3      | Found a faded altar of an unknown god.
  3028 | D:4      | Noticed an ogre
  3060 | D:4      | Killed an ogre
  3061 | D:4      | Reached skill level 5 in Armour
  3061 | D:4      | Gained mutation: You are partially covered in sharp spines.
                  | [demonic ancestry]
  3061 | D:4      | Reached XP level 6. HP: 25/47 MP: 6/6
  3177 | D:4      | Reached skill level 4 in Fighting
  3719 | D:5      | Entered Level 5 of the Dungeon
  3761 | D:5      | Gained mutation: You are surrounded by a strong repulsion
                  | field. (EV +4, RMsl) [demonic ancestry]
  3761 | D:5      | Reached XP level 7. HP: 55/55 MP: 7/7
  3802 | D:5      | Reached skill level 5 in Fighting
  4109 | D:5      | Found a hazy altar of Hepliaklqana.
  4129 | D:5      | Reached skill level 6 in Fighting
  4220 | D:5      | Reached skill level 7 in Fighting
  4461 | D:4      | Gained mutation: You have a pair of small antennae on your
                  | head. [demonic ancestry]
  4461 | D:4      | Reached XP level 8. HP: 53/67 MP: 8/8
  4576 | D:5      | Reached skill level 8 in Fighting
  4959 | D:6      | Reached skill level 9 in Fighting
  4976 | D:6      | Reached skill level 10 in Fighting
  5126 | D:6      | Found Binacrea's Distillery.
  5213 | D:6      | Reached skill level 11 in Fighting
  5234 | D:6      | HP: 3/75 [gnoll sergeant/+0 trident (7)]
  5734 | D:6      | Gained mutation: A meltable shield of frost defends you.
                  | (SH +4) [demonic ancestry]
  5734 | D:6      | Reached XP level 9. HP: 69/82 MP: 9/9
  5739 | D:6      | Reached skill level 12 in Fighting
  5943 | D:7      | Found a flagged portal.
  5961 | Bailey   | Entered a bailey
  6170 | Bailey   | Reached skill level 13 in Fighting
  6491 | Bailey   | HP: 3/85 [gnoll/+0 halberd (7)]
  6503 | Bailey   | HP: 2/85 [gnoll/+0 halberd (3)]
  6508 | Bailey   | Slain by a gnoll

Illustrated notes

Levels and vault maps discovered:
D:1:      tarquinn_simple_flora_water_d, layout_basic, st_stairs_3
D:2:      layout_basic, amcnicky_mini_corridor_feature, minmay_misc_feat_tower,
          hangedman_decor_clover_reticule, dilly_guarded_unrand_morg
D:3:      layout_loops_cross, chequers_ecumenical_altar_grove
D:4:      layout_cave_pools, dk_noncrumbling_2, st_stairs_5,
          minmay_ogre_servants
D:5:      corexii_shantytown, layout_rooms,
          chequers_temple_overflow_statue_of_worship, minmay_manual_moon
D:6:      layout_rooms, serial_shops, shop
D:7:      layout_rooms, minitemple, temple_doors_e, enter_bailey_3,
          nicolae_water_bricks, dk_noncrumbling_4, kennysheep_small_spiral,
          hellmonk_no_cap
Bailey:   bailey_polearm_gnolls_kennysheep, bailey

Skill      XL: |  1  2  3  4  5  6  7  8  9 |
---------------+----------------------------+-----
Unarmed Combat | 3 |  3.1
Dodging        | 3 |  3.2
Armour         | 1 2 3 5 |  5.1
Fighting       | 4 7 11 13 | 13.0
Stealth        | |  1.7

Action                     |  1- 3 |  4- 6 |  7- 9 || total
---------------------------+-------+-------+-------++-------
  Melee: Unarmed           |    57 |       |       ||    57
         Dagger            |    60 |   274 |   419 ||   753
    Use: Potion            |     1 |       |     9 ||    10
         Scroll            |       |       |     5 ||     5
   Stab: Sleeping          |     1 |     1 |       ||     2
 Armour: Robe              |    11 |    12 |       ||    23
         Chain mail        |       |    28 |     4 ||    32
         Plate armour      |       |       |   148 ||   148
  Dodge: Dodged            |   103 |   263 |   396 ||   762
         Repelled          |       |       |     2 ||     2
  Block: Orb               |       |       |    39 ||    39

Table legend: (Time is in decaauts)
 A = Elapsed time spent in this place.
 B = Non-inter-level travel time spent in this place.
 C = Inter-level travel time spent in this place.
 D = Time resting spent in this place.
 E = Time spent auto-exploring this place.
 F = Levels seen in this place.
 G = Mean time per level.
                   A        B        C        D        E       F      G
               +--------+--------+--------+--------+--------+-----+--------+
         Total |   6468 |   6111 |    357 |    883 |   3781 |   8 |  808.5 |
       Dungeon |   5929 |   5572 |    357 |    663 |   3626 |   7 |  847.0 |
        Bailey |    538 |    538 |      0 |    220 |    155 |   1 |  538.0 |
               +--------+--------+--------+--------+--------+-----+--------+

Top non-repeatable levels by time:
     D:2: 1355 daAuts
     D:5: 1152 daAuts
     D:4: 1047 daAuts
     D:3: 844 daAuts
     D:6: 777 daAuts
     D:1: 731 daAuts
  Bailey: 538 daAuts
     D:7: 19 daAuts
